Map: Neon Violet Square LE

Players

Monster

  • Race: Protoss Protoss
  • League: Diamond
  • Spawn Location: 11:00

Kikki - Winner!

  • Race: Zerg Zerg
  • League: Diamond
  • Spawn Location: 5:00

VOD

Have the link to the VOD?

Description

Time

  • Played on: April 10, 2018, 9:51 a.m.
  • Length: 19:56
Show
View Real Time Build Order
Export as new Build Order

Monster Protoss 

Build Orders: 1 Gate Expand, Oracle Opening, Phoenix Opening 

Get SALT Encoding   

  12  0:02  Probe  
  13  0:20  Pylon  
  13  0:22  Probe  
  14  0:34  Probe (Chrono Boost)  
  15  0:41  Gateway  
  15  0:46  Probe (Chrono Boost)  
  16  0:50  Assimilator  
  16  0:55  Probe (Chrono Boost)  
  17  1:00  Probe  
  18  1:13  Probe (Chrono Boost)  
  19  1:25  Probe (Chrono Boost)  
  20  1:32  Nexus  
  20  1:43  Cybernetics Core  
  20  1:46  Probe  
  21  1:51  Assimilator  
  21  1:59  Probe  
  22  2:11  Pylon, Probe  
  23  2:28  Adept (Chrono Boost)  
  23  2:29  Stargate, Probe  
  26  2:36  Warp Gate  
  26  2:41  Probe  
  27  2:46  Adept (Chrono Boost)  
  27  2:48  Probe  
  30  2:53  Probe  
  31  3:00  Probe  
  31  3:05  Probe  
  33  3:10  Adept (Chrono Boost)  
  33  3:12  Probe  
  36  3:14  Oracle (Chrono Boost)  
  36  3:17  Probe  
  38  3:43  Adept  
  38  3:44  Probe  
  38  3:48  Gateway  
  41  3:49  Pylon  
  41  3:50  Probe  
  41  3:51  Phoenix (Chrono Boost), Shield Battery  
  44  3:56  Probe  
  46  4:02  Probe  
  46  4:09  Probe  
  45  4:10  Adept  
  45  4:12  Oracle  
  45  4:14  Probe  
  51  4:21  Probe  
  52  4:25  Assimilator  
  52  4:27  Probe  
  52  4:29  Assimilator  
  53  4:33  Probe  
  53  4:34  Pylon  
  53  4:35  Shield Battery  
  54  4:52  Probe, Oracle (Chrono Boost)  
  58  5:12  Probe  
  59  5:15  Gateway  
  59  5:16  Gateway  
  59  5:20  Pylon  
  59  5:21  Pylon  
  59  5:22  Oracle (Chrono Boost)  
  59  5:25  Gateway  
  62  5:30  Pylon  
  62  5:31  Pylon  
  62  5:36  Pylon  
  62  5:38  Probe  
  62  5:39  Nexus  
  62  5:47  Stalker  
  62  5:48  Stalker  
  69  6:00  Void Ray (Chrono Boost)  
  70  6:06  Robotics Facility  
  70  6:08  Robotics Facility  
  70  6:16  Probe x2  
  72  6:28  Probe x2  
  71  6:43  Probe x2  
  71  6:44  Stalker x2  
  74  6:55  Probe  
  75  7:02  Immortal x2 (Chrono Boost)  
  75  7:07  Probe  
  84  7:09  Forge  
  84  7:12  Twilight Council  
  84  7:15  Gateway  
  84  7:16  Probe x2  
  84  7:17  Gateway  
  84  7:19  Probe  
  84  7:20  Assimilator  
  87  7:23  Assimilator  
  88  7:31  Immortal (Chrono Boost)  
  88  7:32  Immortal (Chrono Boost)  
  95  7:37  Probe  
  95  7:38  Probe  
  94  7:59  Protoss Ground Weapons Level 1 (Chrono Boost)  
  94  8:01  Immortal x2 (Chrono Boost)  
  102  8:06  Charge  
  102  8:07  Probe  
  103  8:18  Sentry  
  103  8:19  Sentry x3  
  111  8:24  Probe  
  112  8:34  Nexus  
  112  8:36  Pylon, Templar Archives  
  112  8:38  Pylon  
  112  8:39  Observer (Chrono Boost)  
  117  8:49  Immortal (Chrono Boost)  
  117  8:54  Pylon, Probe x3  
  120  8:56  Assimilator  
  120  8:58  Warp Prism (Chrono Boost)  
  120  9:00  Assimilator  
  122  9:06  Zealot  
  122  9:07  Zealot x2  
  128  9:10  Sentry x2  
  128  9:16  Pylon  
  132  9:17  Psionic Storm  
  132  9:22  High Templar  
  132  9:23  High Templar  
  136  9:27  Probe x3  
  139  9:37  Zealot x3  
  145  9:39  Probe  
  145  9:44  Pylon  
  146  9:45  Pylon  
  146  9:53  High Templar  
  146  9:55  High Templar  
  146  9:57  High Templar x2  
  154  10:00  Archon x2  
  154  10:02  Archon  
  154  10:04  High Templar  
  154  10:05  Zealot  
  154  10:06  Zealot  
  160  10:19  Immortal x2  
  149  10:37  High Templar x2  
  149  10:38  Zealot x5  
  123  11:07  Zealot x3  
  123  11:08  Zealot x2  
  109  11:14  Protoss Ground Weapons Level 2 (Chrono Boost)  
  101  11:23  Immortal x2 (Chrono Boost)  
  86  11:33  Zealot x3  
  86  11:34  Zealot x4  
  86  11:58  Zealot, High Templar x3  
  86  11:59  Zealot x3  
  98  12:02  Immortal x2 (Chrono Boost)  
  106  12:11  Fleet Beacon  
  106  12:16  Probe x4  
  106  12:17  Pylon  
  106  12:20  High Templar x4  
  106  12:21  Pylon  
  118  12:25  Archon x2  
  118  12:28  Probe x4  
  122  12:32  Zealot x3  
  122  12:36  Immortal  
  132  12:40  Probe  
  132  12:42  Immortal  
  137  12:50  Zealot  
  137  12:51  Zealot x2  
  141  12:53  Probe  
  144  13:07  Nexus  
  144  13:19  Zealot  
  146  13:20  Zealot x5  
  146  13:23  High Templar  
  158  13:31  Pylon  
  158  13:33  Pylon  
  158  13:40  High Templar x2  
  158  13:41  High Templar x4  
  164  13:44  Archon  
  164  13:45  Archon  
  164  13:46  Archon  
  164  13:47  Immortal x2 (Chrono Boost)  
  166  13:50  Graviton Catapult (Chrono Boost)  
  174  13:58  Stargate  
  174  14:04  Protoss Ground Weapons Level 3 (Chrono Boost)  
  174  14:13  High Templar  
  174  14:14  Zealot, High Templar x2  
  174  14:15  Zealot  
  184  14:17  Zealot  
  184  14:19  Mothership (Chrono Boost)  
  186  14:26  Warp Prism (Chrono Boost)  
  186  14:30  Observer (Chrono Boost)  
  161  15:12  Carrier (Chrono Boost)  
  142  15:16  High Templar x2  
  158  15:22  Carrier (Chrono Boost)  
  158  15:24  Protoss Air Weapons Level 1  
  158  15:25  High Templar  
  158  15:26  Zealot x3  
  166  15:39  Probe  
  166  15:40  Probe x3  
  170  15:50  Assimilator  
  170  15:54  Assimilator  
  170  16:00  Stargate  
  155  16:22  Carrier (Chrono Boost)  
  155  16:24  Probe  
  155  16:25  Probe x3  
  162  16:32  Carrier (Chrono Boost)  
  165  16:49  Carrier (Chrono Boost)  
  169  17:15  High Templar x2  
  169  17:16  High Templar x4  
  175  17:47  Nexus  
  113  18:10  Archon x2  
  113  18:11  Archon  
  99  18:14  Zealot x7  
  105  18:32  High Templar x2  
  109  18:47  Nexus  
  101  19:02  Archon  
  95  19:05  High Templar x5  
  95  19:06  High Templar x2  
  101  19:11  Archon  
  101  19:12  Archon x2  
  63  19:40  High Templar x2  
  63  19:41  Zealot x4  
Show
View Real Time Build Order
Export as new Build Order

Kikki Zerg - Winner!

Build Orders: Hatch First 

Get SALT Encoding   

  12  0:01  Drone  
  13  0:13  Overlord  
  13  0:18  Drone  
  14  0:31  Drone x2  
  14  0:35  Drone  
  17  0:55  Hatchery  
  16  1:00  Drone  
  16  1:01  Drone  
  16  1:03  Extractor  
  17  1:07  Drone  
  18  1:25  Spawning Pool  
  17  1:26  Drone  
  17  1:32  Drone  
  19  1:39  Drone  
  20  1:51  Overlord  
  20  2:12  Queen x2  
  20  2:13  Zergling x2  
  20  2:14  Metabolic Boost  
  26  2:15  Zergling x2  
  26  2:17  Zergling x2  
  26  2:20  Drone  
  28  2:24  Drone  
  29  2:30  Drone  
  29  2:35  Drone  
  31  2:39  Overlord  
  31  2:56  Hatchery  
  31  2:57  Drone  
  31  3:01  Drone  
  31  3:02  Drone  
  31  3:05  Drone  
  34  3:07  Drone  
  35  3:17  Drone  
  34  3:42  Drone  
  34  3:44  Drone x7  
  34  3:46  Roach Warren  
  34  3:48  Overlord  
  40  4:03  Drone x3  
  40  4:04  Overlord x2  
  43  4:10  Lair  
  43  4:13  Evolution Chamber  
  43  4:14  Evolution Chamber, Drone x2, Extractor  
  42  4:17  Drone  
  42  4:18  Extractor  
  42  4:20  Drone  
  43  4:26  Drone x4  
  46  4:33  Drone x2  
  48  4:39  Zerg Missile Weapons Level 1  
  48  4:45  Queen  
  48  4:46  Drone  
  48  4:47  Drone x2  
  48  4:48  Drone x3  
  54  4:54  Spore Crawler  
  48  5:01  Roach  
  48  5:02  Roach  
  48  5:03  Zergling x2  
  51  5:09  Drone x3  
  51  5:10  Drone  
  51  5:13  Spore Crawler  
  54  5:21  Queen  
  54  5:24  Drone  
  54  5:25  Spine Crawler, Drone x5  
  61  5:30  Zerg Ground Armor Level 1  
  61  5:33  Glial Reconstitution  
  61  5:37  Overlord  
  61  5:38  Drone  
  61  5:40  Drone  
  63  5:43  Overlord  
  63  6:01  Hydralisk Den  
  63  6:02  Drone x3  
  63  6:03  Drone x3  
  68  6:04  Overseer  
  68  6:13  Hatchery  
  68  6:16  Roach x5  
  68  6:17  Roach  
  79  6:24  Spore Crawler  
  78  6:29  Spore Crawler  
  78  6:32  Hydralisk x2, Spore Crawler  
  77  6:38  Spore Crawler  
  68  6:43  Hydralisk x3  
  61  6:58  Queen x2  
  63  7:06  Drone  
  63  7:07  Drone x5  
  69  7:12  Drone  
  69  7:13  Drone  
  69  7:14  Drone  
  72  7:17  Drone  
  73  7:26  Overlord x2  
  73  7:28  Drone  
  73  7:29  Drone  
  75  7:33  Grooved Spines  
  75  7:34  Drone  
  76  7:42  Drone x4  
  80  7:46  Drone  
  80  7:47  Drone x2  
  83  7:56  Drone x4  
  83  7:58  Drone x3  
  89  8:05  Drone x2  
  89  8:06  Drone x4  
  95  8:14  Drone x2, Spore Crawler  
  95  8:15  Spine Crawler  
  95  8:23  Hydralisk x2  
  95  8:24  Roach x2  
  103  8:29  Drone  
  103  8:32  Overlord x3  
  104  8:43  Zerg Missile Weapons Level 2  
  104  8:44  Zerg Ground Armor Level 2  
  104  8:51  Extractor  
  104  8:52  Drone, Extractor  
  104  8:53  Drone x5  
  104  8:54  Drone  
  104  8:55  Hydralisk  
  111  8:56  Roach  
  111  8:57  Roach  
  115  9:03  Queen  
  115  9:04  Drone x2  
  115  9:09  Hydralisk  
  125  9:10  Roach x2  
  125  9:20  Overlord x2  
  125  9:26  Hydralisk  
  125  9:28  Overlord  
  125  9:29  Overlord  
  125  9:30  Muscular Augments  
  127  9:34  Drone x2, Extractor  
  128  9:47  Overlord  
  128  9:48  Roach, Hydralisk x4  
  128  9:49  Roach x3  
  128  9:50  Roach  
  128  9:52  Zergling x2  
  147  9:53  Zergling x12  
  153  10:06  Spire  
  152  10:08  Extractor  
  152  10:09  Extractor  
  152  10:10  Drone  
  152  10:11  Drone x7  
  152  10:12  Drone  
  159  10:17  Hydralisk x2  
  159  10:18  Roach x2  
  167  10:24  Hydralisk  
  167  10:27  Roach x2, Hydralisk  
  157  10:33  Roach x3  
  158  10:39  Ravager  
  158  10:41  Zergling x2  
  160  10:43  Overlord x3  
  151  10:54  Hydralisk x3  
  151  10:55  Roach x3  
  151  10:57  Zergling x12, Roach  
  144  11:02  Roach  
  127  11:04  Hydralisk  
  127  11:05  Roach  
  127  11:07  Roach  
  118  11:12  Roach x2  
  110  11:19  Hydralisk  
  110  11:20  Roach  
  114  11:29  Hydralisk  
  114  11:30  Roach x2  
  118  11:49  Infestation Pit, Hydralisk x3  
  118  11:50  Roach x4, Hydralisk  
  118  11:51  Queen  
  126  12:03  Drone x3  
  126  12:04  Drone x2  
  131  12:12  Overseer  
  131  12:16  Queen  
  131  12:17  Hydralisk x4  
  131  12:18  Hatchery, Roach x4  
  131  12:19  Roach  
  150  12:27  Hydralisk x3  
  156  12:35  Zerg Flyer Weapons Level 1  
  156  12:45  Hydralisk  
  156  12:46  Roach x2  
  156  12:47  Overlord x3  
  156  12:48  Overseer  
  156  12:50  Roach, Hydralisk  
  166  12:56  Hive  
  166  13:12  Hydralisk x4  
  166  13:13  Roach x4  
  166  13:17  Neural Parasite  
  182  13:26  Overlord  
  182  13:27  Hydralisk  
  182  13:28  Hydralisk  
  186  13:48  Drone x4  
  188  13:49  Drone x4  
  188  13:52  Drone x2  
  188  13:53  Drone x3  
  199  14:04  Spore Crawler x2  
  199  14:07  Tunneling Claws, Spore Crawler  
  196  14:12  Spine Crawler x2  
  196  14:13  Spine Crawler  
  193  14:20  Extractor  
  193  14:22  Extractor  
  193  14:24  Spine Crawler  
  190  14:25  Spine Crawler x2, Zerg Missile Weapons Level 3  
  188  14:35  Zerg Ground Armor Level 3  
  188  14:36  Pathogen Glands  
  188  14:38  Spine Crawler  
  188  14:40  Spine Crawler  
  188  14:42  Spine Crawler  
  188  14:43  Spine Crawler  
  176  15:05  Roach, Hydralisk x3  
  176  15:06  Roach x2  
  158  15:12  Hatchery  
  157  15:17  Ravager x17  
  157  15:18  Ravager  
  175  15:37  Roach x6  
  175  15:38  Roach x2  
  191  16:03  Hatchery  
  182  16:55  Overseer x2, Pneumatized Carapace  
  182  17:05  Spore Crawler x2  
  182  17:07  Spore Crawler  
  179  17:12  Zerg Flyer Weapons Level 2  
  163  17:23  Infestor x4  
  163  17:24  Infestor x3  
  163  17:25  Corruptor x13  
  142  18:04  Corruptor x3  
  142  18:05  Roach, Hydralisk x5  
  132  18:06  Roach x4  
  143  18:21  Roach, Hydralisk x3  
  143  18:22  Roach x2  
  143  18:25  Drone x3  
  158  18:28  Drone  
  158  18:29  Drone  
  160  18:35  Ravager  
  160  18:36  Burrow  
  158  18:43  Hydralisk x2  
  158  18:44  Roach  
  164  18:54  Hydralisk x2  
  164  18:55  Roach x2  
  138  19:02  Hydralisk  
  128  19:03  Roach x2  
  128  19:08  Hydralisk x2  
  134  19:13  Hydralisk  
  134  19:14  Roach  
  136  19:30  Hydralisk  
  136  19:31  Roach x3, Hydralisk x2  
  134  19:32  Roach  
Tags
 
Add a new tag
Caveats
  • Supply blocks, unpowered buildings, or Contaminate may cause inaccurate times.
  • Supply counts are checked every 10 seconds.